 Dungeon Crawl Stone Soup version 0.31-a0-986-g5e6e4ef867 (webtiles) character file.

Game seed: 2822340550914918995

18595 gogogogo the Grappler (level 12, -9/97 HPs)
             Began as a Green Draconian Shapeshifter on Nov 10, 2023.
             Was an Elder of Trog.
             Hit by a large rock thrown by a cyclops (28 damage)
             ... on level 2 of the Orcish Mines.
             The game lasted 01:48:38 (8263 turns).

gogogogo the Grappler (DrSh)                        Turns: 8263, Time: 01:48:39

Health: -9/97      AC: 14    Str: 26    XL:     12   Next: 29%
Magic:  12/12      EV: 14    Int: 11    God:    Trog [****..]
Gold:   463        SH:  0    Dex: 12    Spells: 11/11 levels left

rFire   . .          .
                       - Unarmed
rCold   . . .        (no shield)
rNeg    . . .        (body armour unavailable)
rPois   +            (helmet restricted)
rElec   .            B - +0 cloak {Stlth+}
rCorr   .            U - +0 pair of gloves
SInv    .            (no boots)
Will    ++...        t - amulet of regeneration
Stlth   +++          m - +4 ring of protection
HPRegen 2.96/turn    r - +6 ring of strength
MPRegen 0.13/turn

%: no passive effects
@: maw-form, strong-willed, on berserk cooldown, flying, regenerating, slowed,
studying Stealth, very slow
A: devouring maw, flying, breathe noxious fumes, AC +8, unfitting armour, poison
resistance, cold-blooded, big wings, regeneration 1, inability to drink after
injury 1
a: Breathe Noxious Fumes, Begin Untransformation, Renounce Religion, Berserk,
Trog's Hand, Brothers in Arms


You were on level 2 of the Orcish Mines.
You worshipped Trog.
Trog was greatly pleased with you.
You were a creature with a mouth for a stomach.
You visited 3 branches of the dungeon, and saw 13 of its levels.
You also visited: Sewer.

You collected 687 gold pieces.
You spent 224 gold pieces at shops.

Inventory:

Hand Weapons
 h - a +2 mace of holy wrath
 w - a +1 whip of venom
 A - a +3 quarterstaff of chaos
 H - a +0 arbalest
 K - a +5 spear of chaos
 T - a +4 sling
 W - the +9 spear "Kulyan" {venom, *Rage rN++ Str-5 Int+3}
   (You found it on level 10 of the Dungeon)

   Str-5:     It affects your strength (-5).
   Int+3:     It affects your intelligence (+3).
   rN++:      It greatly protects you from negative energy.
   *Rage:     It berserks you when you make melee attacks (+20% chance).
Missiles
 j - 4 throwing nets
 P - a curare-tipped dart
Armour
 u - a +1 cloak of stealth
 B - a +0 cloak of stealth (worn)
 J - a +1 kite shield
 U - a +0 pair of gloves (worn)
Magical Staves
 L - a staff of earth
 S - a staff of poison
Jewellery
 m - a +4 ring of protection (left hand)
 q - an amulet of guardian spirit
 r - a +6 ring of strength (right hand)
 t - an amulet of regeneration (around neck)
 E - a +5 ring of evasion
 G - an amulet of magic regeneration
 M - a ring of protection from cold
 O - a ring of magical power
Talismans
 b - a beast talisman
 c - a flux talisman
 g - a maw talisman (active)
 D - a blade talisman
Wands
 p - a wand of flame (18) (quivered)
 x - a wand of charming (26)
Scrolls
 k - a scroll of vulnerability
 o - 3 scrolls of teleportation
 y - a scroll of blinking
 C - 4 scrolls of amnesia
 N - a scroll of poison
 V - a scroll of enchant weapon
Potions
 a - 4 potions of lignification
 d - 3 potions of berserk rage
 e - 2 potions of ambrosia
 f - a potion of resistance
 i - 5 potions of degeneration
 l - 2 potions of haste
 s - 2 potions of might
 v - 2 potions of invisibility
 z - 2 potions of attraction
 F - a potion of cancellation
 I - a potion of mutation
 Q - a potion of brilliance {unknown}
 R - 3 potions of curing


   Skills:
 + Level 6.3 Fighting
 - Level 2.0(3.6) Maces & Flails
 - Level 4.7(5.0) Staves
 + Level 6.0 Dodging
 - Level 1.0 Stealth
 + Level 14.3 Unarmed Combat
 - Level 1.3 Evocations
 * Level 13.0 Shapeshifting


You had 11 spell levels left.
You didn't know any spells.
Your spell library contained the following spells:

 Spells                   Type           Power      Damage    Failure   Level
 Necrotise                Necr           0%         1d4       34%         1
 Lesser Beckoning         Tloc           0%         N/A       47%         2
 Gell's Gravitas          Tloc           0%         N/A       71%         3
 Hailstorm                Conj/Ice       0%         3d3       71%         3
 Teleport Other           Tloc           0%         N/A       71%         3
 Vampiric Draining        Necr           0%         2d6       71%         3
 Anguish                  Hex/Necr       0%         N/A       98%         4
 Cause Fear               Hex            0%         N/A       98%         4
 Summon Ice Beast         Ice/Summ       0%         N/A       98%         4
 Agony                    Necr           0%         N/A       100%        5
 Simulacrum               Ice/Necr       0%         N/A       100%        6
 Enfeeble                 Hex            0%         N/A       100%        7


Dungeon Overview and Level Annotations

Branches:
Dungeon (10/15)            Temple (1/1) D:6             Orc (2/2) D:10
  Sewer (visited)
   Lair: D:8-11         Elf: Orc:2

Altars:
Ashenzari
Cheibriados
Dithmenos
Elyvilon
Fedhas
Gozag
Hepliaklqana
Kikubaaqudgha
Makhleb
Nemelex Xobeh
Okawaru
Qazlal
Ru
Sif Muna
Trog
Uskayaw
Vehumet
Wu Jian
Xom
Yredelemnul
Zin
The Shining One

Shops:
D:1 :   D:3 *   D:7 !   D:10 *   Orc:2 (

Annotations:
D:10 1 transporter


Innate Abilities, Weirdness & Mutations

You are a creature with a mouth for a stomach.
Your midsection houses a second, enormous mouth.
You are flying.
You can breathe blasts of noxious fumes.
Your lurid green scales are hard. (AC +8)
You cannot fit into any form of body armour.
Your system is resistant to poisons. (rPois)
You are cold-blooded and may be slowed by cold attacks.
Your large and strong wings let you fly.
Your natural rate of healing is unusually fast.
You occasionally lose the ability to drink potions when taking damage.


Message History

Your skin crawls.
You feel strong-willed. Something hits you!
You hit the cyclops.
You tail-slap the cyclops, but do no damage.
The cyclops is lightly wounded.
You punch the cyclops! You tail-slap the cyclops. Your bite misses the cyclops.
The cyclops is heavily wounded.
The deep troll closely misses you. x2; The deep troll barely misses you.
Something hits you but does no damage.
The cyclops hits you but does no damage.
You punch the cyclops!
The cyclops is severely wounded.
An ogre comes into view. It is wielding a +0 giant club.
The deep troll closely misses you. The deep troll claws you. x2
The cyclops hits you!! Something hits you!
* * * LOW HITPOINT WARNING * * *
You barely miss the cyclops.
You tail-slap the cyclops, but do no damage.
You punch the cyclops, but do no damage.
You bite the cyclops!
The cyclops is severely wounded.
The deep troll closely misses you. The deep troll barely misses you.
The deep troll claws you!
* * * LOW HITPOINT WARNING * * *
The cyclops barely misses you. Something hits you.
* * * LOW HITPOINT WARNING * * *
The deep troll bites you but does no damage.
The deep troll claws you!
* * * LOW HITPOINT WARNING * * *
The deep troll claws you but does no damage.
The cyclops misses you.
Blink to where?
Press: ? - help, Dir - move target
As you read the scroll of blinking, it crumbles to dust.
You hear some strange, mumbled words.
Something tries to affect you, but you resist.
The cyclops throws a large rock.
The large rock hits you!!
You die...

......##.#####........####..
..........#.#...##....###...
..#......#...#.......##.....
..........#.....#...........
......)..)..................
.....O.).O......#...........
.....#.#)§C..#..#...........
... ..###)#)#.).............
. #.# ###W#......#........
#.. #[................. ##
##.##..............
####..............
#......)#######.
##.......)))....
##.....##)####.
###...##.#∩.#.
###...###.##.#.


You could see a cyclops and an ogre.

Vanquished Creatures
  7 two-headed ogres
  A death yak (D:10)
  A deep troll (Orc:2)
  An orc knight (Orc:2)
  An orc sorcerer (Orc:1)
  A cyclops (Orc:2)
  A kobold demonologist (D:9)
  A komodo dragon (D:10)
  5 trolls
  2 polar bears (D:10)
  A shadow (D:5)
  A wraith (D:10)
  A wyvern (D:8)
  11 yaks
  4 vampire mosquitoes (D:10)
  Menkaure (D:5)
  3 wargs
  Duvessa (D:5)
  2 water moccasins
  A swamp drake (D:10)
  Pargi (D:4)
  4 ice beasts
  2 sky beasts (D:8)
  13 orc warriors
  11 ogres
  3 centaurs
  2 phantoms
  3 bullfrogs
  2 kobold brigands (D:7)
  2 scorpions
  3 gnoll sergeants
  13 wights
  Dowan (D:5)
  5 killer bees (D:7)
  2 electric eels (D:10)
  A howler monkey (D:9)
  3 hounds
  Crazy Yiuf (D:3)
  13 orc priests
  2 gnoll boudas (D:5)
  2 jellies
  Jessica (D:2)
  6 iguanas
  2 sleepcaps (D:4)
  Ijyb (D:5)
  Terence (D:6)
  10 orc wizards
  3 centaur simulacra (D:10)
  The ghost of croobank the Sneak, a weakling OpDe (D:5)
  9 adders
  14 gnolls
  6 white imps
  4 ufetubi
  3 worms
  2 dart slugs
  60 orcs
  8 endoplasms
  9 giant cockroaches
  5 goblins
  5 hobgoblins
  3 jackals (Sewer)
  7 quokkas
  7 ball pythons
  3 bats
  A frilled lizard (D:1)
  15 kobolds
  9 rats
331 creatures vanquished.

Vanquished Creatures (others)
  An orc wizard (D:10)
  2 orcs (D:10)
  A ball python zombie (D:4)
4 creatures vanquished.

Grand Total: 335 creatures vanquished

Notes
Turn   | Place    | Note
-------+----------+-------------------------------------------
     0 | D:1      | gogogogo the Draconian Shapeshifter began the quest for the
                  | Orb.
     0 | D:1      | Reached XP level 1. HP: 16/16 MP: 1/1
    53 | D:1      | Found Lapsin's Vocational Training.
   165 | D:1      | Reached XP level 2. HP: 21/23 MP: 2/2
   629 | D:1      | Reached XP level 3. HP: 28/28 MP: 3/3
   925 | D:2      | Reached skill level 1 in Maces & Flails
   982 | D:2      | Noticed Jessica
   987 | D:2      | Killed Jessica
   988 | D:2      | Reached XP level 4. HP: 36/36 MP: 4/4
  1632 | D:3      | Found a faded altar of an unknown god.
  1692 | D:3      | Found a shadowy altar of Dithmenos.
  1694 | D:3      | Found a hide-covered altar of Uskayaw.
  2032 | D:3      | Noticed Terence
  2033 | D:3      | Found a sparkling altar of Nemelex Xobeh.
  2140 | D:3      | Found a runed translucent door.
  2141 | D:3      | Noticed Crazy Yiuf
  2146 | D:3      | Killed Crazy Yiuf
  2147 | D:3      | Reached XP level 5. HP: 35/41 MP: 5/5
  2351 | D:3      | Found Lacruc's Assorted Antiques.
  2598 | D:4      | Reached skill level 1 in Staves
  2625 | D:4      | Reached skill level 5 in Shapeshifting
  2625 | D:4      | Reached XP level 6. HP: 48/48 MP: 6/6
  2640 | D:4      | Noticed Pargi
  2648 | D:4      | Killed Pargi
  2739 | D:4      | Found a glowing drain.
  2749 | Sewer    | Entered a sewer
  2813 | Sewer    | Noticed a water moccasin
  2817 | Sewer    | Killed a water moccasin
  2991 | D:4      | Your scales start taking on a lurid green colour.
  2991 | D:4      | Reached XP level 7. HP: 42/55 MP: 7/7
  2991 | D:4      | Gained mutation: Your system is resistant to poisons.
                  | (rPois) [Green Draconian growth]
  3114 | D:5      | Entered Level 5 of the Dungeon
  3134 | D:5      | Noticed a yak
  3134 | D:5      | Noticed a shadow
  3136 | D:5      | Noticed a yak
  3158 | D:6      | Killed a yak
  3159 | D:6      | Reached skill level 1 in Evocations
  3222 | D:5      | Noticed Ijyb
  3296 | D:5      | Noticed Duvessa
  3298 | D:5      | Noticed Dowan
  3306 | D:5      | Killed Duvessa
  3307 | D:5      | Reached XP level 8. HP: 55/62 MP: 8/8
  3309 | D:5      | Killed Dowan
  3426 | D:5      | Noticed Menkaure
  3432 | D:5      | Killed Menkaure
  3555 | D:5      | Killed Ijyb
  3800 | D:5      | Noticed croobank's ghost (weakling OpDe)
  3841 | D:5      | Found a transporter.
  3884 | D:5      | Found a transporter.
  3962 | D:5      | Killed croobank's ghost
  3969 | D:5      | Reached XP level 9. HP: 40/73 MP: 9/9
  4164 | D:6      | Reached skill level 5 in Fighting
  4175 | D:6      | Found a staircase to the Ecumenical Temple.
  4193 | Temple   | Entered the Ecumenical Temple
  4303 | Temple   | Became a worshipper of Trog the Wrathful
  4351 | D:6      | Reached skill level 4 in Unarmed Combat
  4354 | D:6      | Killed Terence
  4473 | D:6      | Reached skill level 5 in Unarmed Combat
  4858 | D:7      | Reached * piety under Trog
  4897 | D:7      | Reached skill level 6 in Unarmed Combat
  5105 | D:7      | Found a radiant altar of Vehumet.
  5131 | D:7      | Reached skill level 7 in Unarmed Combat
  5143 | D:7      | Gained mutation: You occasionally lose the ability to drink
                  | potions when taking damage. [potion of mutation]
  5143 | D:7      | Gained mutation: Your natural rate of healing is unusually
                  | fast. [potion of mutation]
  5143 | D:7      | Gained mutation: Your large and strong wings let you fly.
                  | [potion of mutation]
  5144 | D:7      | Found Arachoot's Distillery.
  5180 | D:7      | Reached skill level 8 in Unarmed Combat
  5197 | D:7      | Bought a potion of degeneration for 14 gold pieces
  5197 | D:7      | Bought a potion of might for 56 gold pieces
  5197 | D:7      | Bought a potion of heal wounds for 70 gold pieces
  5382 | D:7      | Reached ** piety under Trog
  5483 | D:8      | Reached XP level 10. HP: 65/81 MP: 10/10
  5490 | D:8      | Reached skill level 10 in Shapeshifting
  5510 | D:8      | Reached skill level 9 in Unarmed Combat
  6034 | D:9      | Reached skill level 1 in Stealth
  6053 | D:9      | Reached skill level 10 in Unarmed Combat
  6173 | D:9      | Found a large runed translucent door.
  6174 | D:9      | Found a large runed translucent door.
  6193 | D:9      | Reached skill level 11 in Unarmed Combat
  6193 | D:9      | Found a shimmering blue altar of Sif Muna.
  6196 | D:9      | Found an opulent altar of Gozag.
  6567 | D:9      | Noticed a sun demon
  6571 | D:9      | Noticed an orange demon
  6833 | D:10     | Entered Level 10 of the Dungeon
  6833 | D:10     | Found a transporter.
  6833 | D:10     | Found a transporter.
  6973 | D:10     | Noticed a two-headed ogre
  6993 | D:10     | Reached skill level 12 in Unarmed Combat
  6996 | D:10     | Killed a two-headed ogre
  6997 | D:10     | Reached XP level 11. HP: 88/88 MP: 11/11
  7121 | D:10     | Found a stormy altar of Qazlal.
  7136 | D:10     | Found Rinud's Assorted Antiques.
  7155 | D:10     | Bought a scroll of identify for 58 gold pieces
  7155 | D:10     | Bought an amethyst potion for 26 gold pieces
  7252 | D:10     | Noticed a death yak
  7260 | D:10     | Reached skill level 5 in Dodging
  7265 | D:10     | Killed a death yak
  7265 | D:10     | Reached *** piety under Trog
  7282 | D:10     | Identified the +9 spear "Kulyan" {venom, *Rage rN++ Str-5
                  | Int+3}
  7309 | D:10     | Found a staircase to the Orcish Mines.
  7705 | Orc:1    | Entered Level 1 of the Orcish Mines
  7710 | Orc:1    | Noticed an orc sorcerer
  7713 | Orc:1    | Reached skill level 13 in Unarmed Combat
  7714 | Orc:1    | Noticed a soul eater
  7721 | Orc:1    | Noticed a sun demon
  7724 | Orc:1    | Killed an orc sorcerer
  7858 | Orc:2    | Entered Level 2 of the Orcish Mines
  7862 | Orc:2    | Noticed an orc knight
  7874 | Orc:2    | HP: 4/89 [orc warrior/+0 battleaxe[an orc knight] (12)]
  7896 | Orc:2    | Killed an orc knight
  7913 | Orc:2    | Reached **** piety under Trog
  7927 | Orc:2    | Found Ruvosaic's Weapon Boutique.
  8079 | Orc:2    | Noticed a two-headed ogre
  8131 | Orc:2    | Killed a two-headed ogre
  8134 | Orc:2    | Noticed a two-headed ogre
  8136 | Orc:2    | Noticed a two-headed ogre
  8190 | Orc:2    | Killed a two-headed ogre
  8193 | Orc:2    | Killed a two-headed ogre
  8194 | Orc:2    | Reached XP level 12. HP: 96/96 MP: 12/12
  8196 | Orc:2    | Noticed a two-headed ogre
  8197 | Orc:2    | Noticed a two-headed ogre
  8199 | Orc:2    | Noticed a two-headed ogre
  8202 | Orc:2    | Killed a two-headed ogre
  8212 | Orc:1    | Killed a two-headed ogre
  8213 | Orc:1    | Reached skill level 14 in Unarmed Combat
  8234 | Orc:2    | Killed a two-headed ogre
  8238 | Orc:2    | Noticed an ogre mage
  8248 | Orc:2    | Paralysed by something for 2 turns
  8263 | Orc:2    | Hit by a large rock thrown by a cyclops

Illustrated notes

Levels and vault maps discovered:
D:1:      heliophobic_arrival_henge, layout_basic, nicolae_shop_vocational
D:2:      layout_basic, uniq_jessica
D:3:      layout_basic, nemelex_spade_bored_becter,
          mainiacjoe_overflow_catwalk_spiral, serial_shops,
          nicolae_shop_rolling_square, basic_ecumenical_altar, uniq_terence,
          uniq_crazy_yiuf_cottage
D:4:      layout_cave_pools, portal_sewer_entry_e, uniq_pargi
D:5:      layout_cave_pools, gammafunk_ghost_gnarly_gnolls, minmay_manual_mess,
          uniq_ijyb, uniq_menkaure, uniq_duvessa
D:6:      layout_basic, temple_pool_b, grunt_ministairs_15, grunt_decor_cap,
          minmay_misc_feat_pillars, lemuel_flame_loot_1
D:7:      layout_cave_pools, marbit_many_paths, serial_shops, shop,
          kennysheep_flooded_box, minmay_quadrilaterals
D:8:      layout_gridville, nicolae_concentric_dashed_squares_wild,
          minmay_fractal_squares_5
D:9:      layout_loops_ring, jmf_multi_god_temple2, minivault_25
D:10:     layout_gridville, mainiacjoe_overflow_small_starburst, erik_orc_1,
          serial_shops, nicolae_shop_tiny_glass, serial_ice, serial_ice_g,
          serial_ice_h, serial_ice_o, serial_ice_n, serial_ice_a, serial_ice_i,
          nicolae_diode_stairs
Temple:   nicolae_temple_no_exploring_needed
Orc:1:    layout_caves, portal_ice_cave_entry_pillars_1, nicolae_orc_rockfall
Orc:2:    st_orc_open, layout_caves, serial_shops, nicolae_shop_back_alley_shop,
          guppyfry_library_mini

Skill      XL: |  1  2  3  4  5  6  7  8  9 10 11 12 |
---------------+-------------------------------------+-----
Maces & Flails | 1 2 |  2.0
Dodging        | 2 3 4 5 6 |  6.0
Fighting       | 2 4 5 6 |  6.3
Shapeshifting  | 4 5 6 8 9 11 12 13 | 13.0
Staves         | 1 3 4 |  4.7
Evocations     | 1 |  1.3
Unarmed Combat | 8 12 13 14 | 14.3
Stealth        | 1 |  1.0

Action                     |  1- 3 |  4- 6 |  7- 9 | 10-12 || total
---------------------------+-------+-------+-------+-------++-------
  Melee: Unarmed           |    34 |       |   186 |   404 ||   624
         Tailslap          |     5 |     8 |    36 |    64 ||   113
         Mace              |    38 |    50 |       |       ||    88
         Punch             |     2 |     2 |     4 |    21 ||    29
         Quarterstaff      |       |    64 |   108 |       ||   172
         Maw               |       |       |    53 |   122 ||   175
 Invoke: Trog's Hand       |       |       |       |     3 ||     3
         Berserk           |       |       |       |     4 ||     4
Ability: Breathe Noxious F |       |       |     2 |     1 ||     3
         Begin Untransform |       |       |     1 |       ||     1
  Evoke: Wand              |       |     8 |    12 |    28 ||    48
    Use: Scroll            |       |     3 |    10 |    10 ||    23
         Potion            |       |       |     6 |     5 ||    11
   Stab: Sleeping          |     3 |     2 |     4 |     4 ||    13
         Distracted        |       |       |       |     1 ||     1
 Armour: Skin              |    32 |    75 |   216 |   311 ||   634
  Dodge: Dodged            |    51 |   100 |   213 |   250 ||   614
   Form: Beast             |     1 |     1 |       |       ||     2
                           |       |     1 |       |       ||     1
         Blade             |       |       |     1 |       ||     1
         Maw               |       |       |     1 |       ||     1
         Flux              |       |       |     1 |       ||     1

Table legend: (Time is in decaauts)
 A = Elapsed time spent in this place.
 B = Non-inter-level travel time spent in this place.
 C = Inter-level travel time spent in this place.
 D = Time resting spent in this place.
 E = Time spent auto-exploring this place.
 F = Levels seen in this place.
 G = Mean time per level.
                   A        B        C        D        E       F      G
               +--------+--------+--------+--------+--------+-----+--------+
         Total |   8243 |   2538 |   5705 |    297 |      0 |  14 |  588.8 |
       Dungeon |   7438 |   2045 |   5393 |    218 |      0 |  10 |  743.8 |
        Temple |    117 |      3 |    114 |      0 |      0 |   1 |  117.0 |
  Orcish Mines |    548 |    350 |    198 |     79 |      0 |   2 |  274.0 |
         Sewer |    138 |    138 |      0 |      0 |      0 |   1 |  138.0 |
               +--------+--------+--------+--------+--------+-----+--------+

Top non-repeatable levels by time:
     D:5: 931 daAuts
     D:3: 872 daAuts
     D:2: 861 daAuts
    D:10: 858 daAuts
     D:9: 813 daAuts
     D:1: 770 daAuts
     D:6: 681 daAuts
     D:8: 568 daAuts
     D:7: 560 daAuts
     D:4: 520 daAuts
   Orc:2: 300 daAuts
   Orc:1: 248 daAuts
   Sewer: 138 daAuts
  Temple: 117 daAuts
